 Dungeon Crawl Stone Soup version 0.30-a0-347-gf58ed5266c (webtiles) character file.

Game seed: 2402868471810282789

23 KennySheep the Shooter (level 3, 0/28 HPs)
             Began as a Formicid Hunter on Nov 7, 2022.
             Frozen to death by an endoplasm (3 damage)
             ... on level 1 of the Dungeon.
             The game lasted 00:02:01 (753 turns).

KennySheep the Shooter (Formicid Hunter)             Turns: 753, Time: 00:02:01

Health: 0/28       AC:  3    Str: 15    XL:     3   Next: 10%
Magic:  3/3        EV: 12    Int:  8    God:
Gold:   64         SH:  0    Dex: 19    Spells: 2/2 levels left

rFire   . . .      SeeInvis +    a - +0 shortbow
rCold   . . .      Faith    .    (no shield)
rNeg    . . .      Spirit   .    c - +0 leather armour
rPois   .          Reflect  .    (helmet unavailable)
rElec   .          Harm     .    (no cloak)
rCorr   +          Rampage  .    (no gloves)
Will    +....                    (no boots)
Stlth   ++........               (no amulet)
HPRegen 0.24/turn                g - ring of resist corrosion
MPRegen 0.08/turn                l - ring of willpower

@: flying
A: permanent stasis, dig shafts and tunnels, antennae 3, four strong arms
a: Dig, Shaft Self


You were on level 1 of the Dungeon.
You visited 1 branch of the dungeon, and saw 2 of its levels.

You collected 64 gold pieces.

Inventory:

Hand Weapons
 a - a +0 shortbow (weapon)
 b - a +1 dagger of venom
Armour
 c - a +0 leather armour (worn)
Jewellery
 g - a ring of resist corrosion (left hand)
 l - a ring of willpower (right hand)
Scrolls
 f - a scroll of enchant weapon {unknown}
 h - a scroll of blinking {unknown}
 i - a scroll of fog {unknown}
 j - a scroll of teleportation {unknown}
 m - a scroll of immolation
 n - a scroll of identify {unknown}
Potions
 e - a potion of attraction {unknown}
 k - a potion of lignification {unknown}


   Skills:
 + Level 2.5 Fighting
 + Level 0.7 Short Blades
 * Level 4.2 Ranged Weapons
 + Level 2.0 Dodging
 + Level 1.8 Stealth


You had 2 spell levels left.
You didn't know any spells.
Your spell library contained the following spells:

 Spells                   Type           Power      Damage    Failure   Level
 Gell's Gravitas          Tloc           0%         N/A       85%         3
 Lesser Beckoning         Tloc           0%         N/A       85%         3
 Teleport Other           Tloc           0%         N/A       85%         3


Dungeon Overview and Level Annotations

Branches:
Dungeon (2/15)

Altars:

Annotations:
D:1 Terence


Innate Abilities, Weirdness & Mutations

You cannot be hasted, slowed, berserked, paralysed or teleported.
You can dig through walls and to a lower floor.
You have a pair of large antennae on your head. (SInv)
Your four strong arms can wield two-handed weapons with a shield.


Message History

You climb downwards.
There is a stone staircase leading up here.
Your +1 dagger of venom begins to drip with poison!
b - a +1 dagger of venom (weapon)
Terence shouts!
You closely miss Terence. Terence closely misses you.
An endoplasm comes into view.
You hit Terence but do no damage.
Terence is poisoned.
Terence hits you but does no damage.
You hit Terence.
Terence is moderately wounded.
Terence hits you with a +2 vampiric hand axe!
Terence draws strength from your wounds!
The endoplasm hits you.
Your +1 dagger of venom stops dripping with poison.
a - a +0 shortbow (weapon)
Terence hits you with a +2 vampiric hand axe.
The endoplasm freezes you.
You are frozen.
You climb upwards.
There is a stone staircase leading down here.
You don't know any spells.
Unknown command.
Okay, then.
Okay, then.
The endoplasm freezes you.
You are frozen.
* * * LOW HITPOINT WARNING * * *
Terence attacks as you move away!
Terence hits you with a +2 vampiric hand axe.
* * * LOW HITPOINT WARNING * * *
Terence draws strength from your wounds!
The endoplasm attacks as you move away! The endoplasm barely misses you.
Terence attacks as you move away! Terence barely misses you.
It was a potion of flight.
You feel very buoyant.
You fly up into the air.
The endoplasm freezes you.
You are frozen.
You die...

♣♣♣ #####♣♣♣P♣♣
##...#♣PP~.♣♣
########..♣.♣..~~~P♣
######.........♣..P.~~~♣♣
##.............♣@)P.♣~.♣
#..............J♣P♣♣P.♣♣
#..............@.♣♣♣♣♣♣
#.........#.......#
...............>..#
.....#....#.......###
.....#......###.....#
.....#..............#
.....#..............#


You could see Terence (poisoned) and an endoplasm.

Vanquished Creatures
  A dart slug (D:1)
  2 ball pythons (D:1)
  2 bats (D:1)
  3 endoplasms (D:1)
  A giant cockroach (D:1)
  3 jackals (D:1)
  A quokka (D:1)
  A goblin (D:1)
  A kobold (D:1)
  5 rats (D:1)
20 creatures vanquished.

Notes
Turn   | Place    | Note
-------+----------+-------------------------------------------
     0 | D:1      | KennySheep the Formicid Hunter began the quest for the Orb.
     0 | D:1      | Reached XP level 1. HP: 16/16 MP: 1/1
    50 | D:1      | Reached XP level 2. HP: 23/23 MP: 2/2
   230 | D:1      | Reached XP level 3. HP: 22/28 MP: 3/3
   741 | D:2      | Noticed Terence
   753 | D:1      | Frozen to death by an endoplasm

Illustrated notes

Levels and vault maps discovered:
D:1:      minmay_arrival_shattered_statue, layout_basic, serial_forest,
          infiniplex_forest_corner_2, infiniplex_forest_clump_medium,
          infiniplex_forest_clump_large, infiniplex_forest_pool,
          infiniplex_forest_pool, infiniplex_forest_3_way
D:2:      layout_rooms, minmay_close_crescents, uniq_jessica, uniq_terence

Skill      XL: |  1  2 |
---------------+-------+-----
Dodging        | 2 |  2.0
Fighting       | |  2.5
Short Blades   | |  0.7
Ranged Weapons | |  4.2
Stealth        | |  1.8

Action                   || total
-------------------------++-------
Melee: Dagger            ||     3
 Fire: Shortbow          ||    48
 Abil: Dig               ||     1
  Use: Potion            ||     1
Armor: Leather armour    ||     5
Dodge: Dodged            ||    14

Table legend: (Time is in decaauts)
 A = Elapsed time spent in this place.
 B = Non-inter-level travel time spent in this place.
 C = Inter-level travel time spent in this place.
 D = Time resting spent in this place.
 E = Time spent auto-exploring this place.
 F = Levels seen in this place.
 G = Mean time per level.
                   A        B        C        D        E       F      G
               +--------+--------+--------+--------+--------+-----+--------+
         Total |    771 |    732 |     39 |      0 |    611 |   2 |  385.5 |
       Dungeon |    771 |    732 |     39 |      0 |    611 |   2 |  385.5 |
               +--------+--------+--------+--------+--------+-----+--------+

Top non-repeatable levels by time:
     D:1: 765 daAuts
     D:2: 5 daAuts
